Kradschützen Motorcycle Team
Selects Armored Support Battlegroup
Construct Light Support Kompanie
Panzerjäger Mechanized Group
Selects Flammpanzer III Medium Tank
Flammpanzer III Medium Tank
Selects Command Panzer IV F Medium Tank
Pak 38 Anti-tank Gun Team
Command Panzer IV F Medium Tank
Construct Panzerarmee Kommand
Flak 36 Anti-tank Gun Team
Walking Stuka Rocket Launcher
Flammpanzer III Medium Tank
Flammpanzer III Medium Tank
Selects Stuka Anti-tank Loiter